 Dungeon Crawl Stone Soup version 0.26-a0-661-g406de6ba63 (webtiles) character file.

Game seed: 2537267302170503271

67 halkony2012 the Skirmisher (level 4, -6/41 HPs)
             Began as a Minotaur Fighter on Oct 8, 2020.
             Splashed by a jelly's acid (8 damage)
             ... on level 3 of the Dungeon.
             The game lasted 00:02:22 (1148 turns).

halkony2012 the Skirmisher (Minotaur Fighter)       Turns: 1148, Time: 00:02:23

Health: -6/41      AC: -5    Str: 22    XL:     4   Next: 0%
Magic:  3/3        EV:  8    Int:  5    God:
Gold:   104        SH:  9    Dex:  9    Spells: 3/3 levels left

rFire    . . .     SeeInvis .   a - +0 war axe
rCold    . . .     Faith    .   c - +0 kite shield
rNeg     . . .     Spirit   .   b - +0 scale mail
rPois    .         Reflect  .   (helmet restricted)
rElec    .         Harm     .   (no cloak)
rCorr    .         Rampage  .   (no gloves)
MR       .....                  (no boots)
Stlth    ..........             (no amulet)
HPRegen  0.13/turn              (no ring)
MPRegen  0.08/turn              (no ring)

@: corroded
A: retaliatory headbutt, horns 2
a: no special abilities


You were on level 3 of the Dungeon.
You visited 1 branch of the dungeon, and saw 3 of its levels.

You collected 104 gold pieces.

Inventory:

Hand Weapons
 a - a +0 war axe (weapon)
Armour
 b - a +0 scale mail (worn)
 c - a +0 kite shield (worn)
Jewellery
 n - an uncursed amulet of reflection {unknown}
Scrolls
 e - a scroll of fear {unknown}
 f - 2 scrolls of fog {unknown}
 g - 2 scrolls of teleportation {unknown}
 h - 5 scrolls of identify {unknown}
 i - 3 scrolls of enchant weapon {unknown}
 j - 2 scrolls of remove curse {unknown}
 k - 2 scrolls of enchant armour {unknown}
 m - a scroll of amnesia {unknown}
Potions
 d - a potion of might
 l - 2 potions of curing {unknown}
 o - a potion of haste {unknown}
 p - a potion of stabbing {unknown}
 q - a potion of mutation {unknown}
 r - a potion of experience {unknown}


   Skills:
 + Level 4.6 Fighting
 + Level 3.9 Axes
 - Level 3.7 Armour
 + Level 1.0 Dodging
 + Level 0.1 Stealth
 - Level 3.7 Shields


You had 3 spell levels left.
You didn't know any spells.
Your spell library was empty.

Dungeon Overview and Level Annotations

Branches:
Dungeon (3/15)

Altars:


Innate Abilities, Weirdness & Mutations

You reflexively headbutt those who attack you in melee.
You have a pair of horns on your head.


Message History

You hit the jelly but do no damage.
Your hands burn!
The jelly is moderately wounded.
The jelly closely misses you.
You hit the jelly. The acid corrodes you!
Your hands burn!
The jelly is moderately wounded.
The jelly barely misses you. x2
You hit the jelly but do no damage.
Your hands burn!
You headbutt the jelly.
The jelly is moderately wounded.
The jelly hits you.
You are splashed with acid!
You hit the jelly.
Your hands burn!
The jelly is severely wounded.
The jelly hits you.
You are splashed with acid!
* * * LOW HITPOINT WARNING * * *
You hit the jelly but do no damage.
Your hands burn!
* * * LOW HITPOINT WARNING * * *
The jelly is severely wounded.
The jelly hits you.
* * * LOW HITPOINT WARNING * * *
The acid corrodes you!
You are splashed with acid!
You die...

#############
.......<....#
###########@#
......J...#
.######.#.#
#.#.# #.# #
#.# #.# #.#


You could see a jelly.

Vanquished Creatures
  An adder (D:2)
  An ooze (D:1)
  3 dart slugs (D:1)
  4 leopard geckos
  7 ball pythons
  7 bats
  A giant cockroach (D:2)
  5 goblins (D:1)
  4 hobgoblins (D:1)
  3 jackals (D:1)
  A frilled lizard (D:1)
  3 rats
40 creatures vanquished.

Notes
Turn   | Place    | Note
-------+----------+-------------------------------------------
     0 | D:1      | halkony2012 the Minotaur Fighter began the quest for the
                  | Orb.
     0 | D:1      | Reached XP level 1. HP: 19/19 MP: 0/0
    80 | D:1      | Reached skill level 4 in Fighting
    83 | D:1      | Reached XP level 2. HP: 24/27 MP: 1/1
   365 | D:1      | Reached XP level 3. HP: 34/34 MP: 2/2
  1081 | D:2      | Reached skill level 1 in Dodging
  1092 | D:2      | Reached XP level 4. HP: 40/41 MP: 3/3
  1148 | D:3      | HP: 2/41 [jelly (3)]
  1148 | D:3      | Splashed by a jelly's acid

Illustrated notes

Levels and vault maps discovered:
D:1:      saegor_arrival_simple_c, layout_basic, grunt_decor_arrowhead
D:2:      layout_rooms, amethyst_killhole, minmay_shallow_snake_nest
D:3:      minmay_skewed_foursquare, layout_loops_ring, lemuel_round_altar,
          uniq_grinder

Skill      XL: |  1  2  3 |
---------------+----------+-----
Fighting       | 4 |  4.6
Axes           | 3 |  3.9
Dodging        | 1 |  1.0
Armour         | |  3.7
Stealth        | |  0.1
Shields        | |  3.7

Action                   |  1- 3 |  4- 6 || total
-------------------------+-------+-------++-------
Melee: War axe           |    89 |     6 ||    95
       Headbutt          |    13 |     1 ||    14
Armor: Scale mail        |    62 |     1 ||    63
Dodge: Dodged            |    38 |     3 ||    41
Block: Kite shield       |    66 |     1 ||    67

Table legend: (Time is in decaauts)
 A = Elapsed time spent in this place.
 B = Non-inter-level travel time spent in this place.
 C = Inter-level travel time spent in this place.
 D = Time resting spent in this place.
 E = Time spent auto-exploring this place.
 F = Levels seen in this place.
 G = Mean time per level.
                   A        B        C        D        E       F      G
               +--------+--------+--------+--------+--------+-----+--------+
         Total |   1187 |   1133 |     54 |      0 |    863 |   3 |  395.7 |
       Dungeon |   1187 |   1133 |     54 |      0 |    863 |   3 |  395.7 |
               +--------+--------+--------+--------+--------+-----+--------+

Top non-repeatable levels by time:
     D:1: 798 daAuts
     D:2: 377 daAuts
     D:3: 11 daAuts
